 Dungeon Crawl Stone Soup version 0.29.0-4-gdea44cf6ec (webtiles) character file.

Game seed: 3257194651678785711

102 qw the Ruffian (level 4, -7/36 HPs)
             Began as a Ghoul Fire Elementalist on Aug 29, 2022.
             Mangled by a gnoll
             ... wielding a +0 halberd
              (13 damage)
             ... on level 3 of the Dungeon.
             The game lasted 00:02:07 (2463 turns).

qw the Ruffian (Ghoul Fire Elementalist)            Turns: 2463, Time: 00:02:08

Health: -7/36      AC:  6    Str: 13    XL:     4   Next: 78%
Magic:  5/5        EV:  9    Int: 10    God:
Gold:   104        SH:  0    Dex:  9    Spells: 5/6 levels left

rFire   . . .      SeeInvis .     - Unarmed
rCold   + . .      Faith    .   (no shield)
rNeg    + + +      Spirit   .   d - +0 ring mail
rPois   inf        Reflect  .   (no helmet)
rElec   .          Harm     .   (no cloak)
rCorr   .          Rampage  .   g - +0 pair of gloves
Will    .....                   (no boots)
Stlth   +.........              (no amulet)
HPRegen 0.00/turn               f - +4 ring of evasion
MPRegen 0.09/turn               (no ring)

@: held, inhibited regen
A: claws 1, cold resistance 1, negative energy resistance 3, inhibited
regeneration, torment resistance 2, devour on kill
a: no special abilities


You were on level 3 of the Dungeon.
You visited 1 branch of the dungeon, and saw 3 of its levels.

You collected 104 gold pieces.


Innate Abilities, Weirdness & Mutations

You are immune to poison.
You have sharp fingernails.
Your flesh is cold resistant. (rC+)
You are immune to negative energy. (rN+++)
You do not regenerate when monsters are visible.
You are immune to unholy pain and torment.
You thrive by killing the living.


   Skills:
 - Level 2.1 Fighting
 - Level 1.7 Dodging
 - Level 2.1 Stealth
 + Level 4.0 Unarmed Combat
 - Level 1.7 Spellcasting
 - Level 0.7 Conjurations
 - Level 2.4 Fire Magic


You had 5 spell levels left.
You knew the following spells:

 Your Spells              Type           Power      Damage    Failure   Level
a - Foxfire               Conj/Fire      16%        2x1d4     36%         1

Your spell library contained the following spells:

 Spells                   Type           Power      Damage    Failure   Level
 Scorch                   Fire           10%        2d5       36%         2
 Conjure Flame            Conj/Fire      4%         6-21      73%         3
 Inner Flame              Hex/Fire       3%         N/A       78%         3
 Flame Wave               Conj/Fire      4%         2d5       98%         4

Inventory:

Missiles
 j - 4 boomerangs (quivered)
Armour
 d - a +0 ring mail (worn)
 g - a +0 pair of gloves (worn)
Jewellery
 f - a +4 ring of evasion (left hand)
Scrolls
 c - a scroll of teleportation {unknown}
 h - a scroll of identify
Potions
 a - a potion of degeneration {unknown}
 b - a potion of berserk rage {unknown}

Dungeon Overview and Level Annotations

Branches:
Dungeon (3/15)

Altars:


Message History

The gnoll hits you with a +0 flail! The gnoll barely misses you.
You barely miss the gnoll. You punch the gnoll, but do no damage.
The gnoll is severely wounded.
The gnoll barely misses you. The gnoll closely misses you.
You hit the gnoll.
You kill the gnoll!
You feel better. The gnoll misses you.
The gnoll hits you from afar with a +0 halberd.
Your Fighting skill increases to level 2!
2454 ||| Stepping ~*~*~tactically~*~*~ (outnumbered).
The gnoll attacks as you move away! The gnoll barely misses you.
The gnoll attacks as you move away! The gnoll completely misses you.
2455 ||| Stepping ~*~*~tactically~*~*~ (outnumbered).
2456 ||| Stepping ~*~*~tactically~*~*~ (outnumbered).
The gnoll attacks as you move away! The gnoll barely misses you.
2457 ||| Stepping ~*~*~tactically~*~*~ (outnumbered).
You punch the gnoll!
The gnoll is heavily wounded.
The gnoll barely misses you. The gnoll hits you with a +0 flail!
The gnoll hits you from afar with a +0 halberd.
You barely miss the gnoll.
The gnoll is heavily wounded.
The gnoll hits you with a +0 flail. The gnoll misses you.
The gnoll hits you but does no damage.
You hit the gnoll.
The gnoll is severely wounded.
The gnoll closely misses you. The gnoll misses you.
The gnoll closely misses you.
You hit the gnoll but do no damage. Your punch misses the gnoll.
The gnoll is severely wounded.
You closely miss the gnoll.
The gnoll is severely wounded.
The gnoll misses you. The gnoll closely misses you.
The gnoll throws a throwing net.
The throwing net hits you.
You become entangled in the net!
You struggle against the net.
The gnoll completely misses you. The gnoll barely misses you.
The gnoll hits you from afar with a +0 halberd!
You die...

....... #######.#......
....... #.##...........
.......#######.##...........
...............##........#.#
......).....................
...............#......#.....
..#####..g..................
#....g.......#.....[..
#...g@...##.....####.#
##....##.###.#..# #..
#....#### #.#..# ### ######
#.##.# #....# ## ###


You could see 3 gnolls.

Vanquished Creatures
  4 adders (D:2)
  A gnoll (D:3)
  2 worms (D:2)
  2 dart slugs (D:2)
  2 ball pythons (D:1)
  8 bats
  5 endoplasms
  2 giant cockroaches (D:1)
  3 goblins
  A hobgoblin (D:1)
  5 quokkas
  A frilled lizard (D:2)
  5 kobolds
  5 rats
46 creatures vanquished.

Notes
Turn   | Place    | Note
-------+----------+-------------------------------------------
     0 | D:1      | qw the Ghoul Fire Elementalist began the quest for the Orb.
     0 | D:1      | Reached XP level 1. HP: 14/14 MP: 2/2
     0 | D:1      | 0 ||| qw: Version: 0.1-a-90-g952f4b7
     0 | D:1      | 0 ||| qw: Game counter: 3744
     0 | D:1      | 0 ||| qw: Always use a shield: true
     0 | D:1      | 0 ||| qw: God list: Okawaru
     0 | D:1      | 0 ||| qw: Allow faded altars: false
     0 | D:1      | 0 ||| qw: Do Orc after D:15 true
     0 | D:1      | 0 ||| qw: Do second Lair branch before Depths: true
     0 | D:1      | 0 ||| qw: Lair rune preference: random
     0 | D:1      | 0 ||| qw: Plans: Normal
     0 | D:1      | 0 ||| PLANNING D:1-11
   148 | D:1      | 148 ||| Stepping ~*~*~tactically~*~*~ (outnumbered).
   150 | D:1      | Reached skill level 1 in Unarmed Combat
   159 | D:1      | Reached skill level 1 in Fighting
   159 | D:1      | Reached XP level 2. HP: 22/23 MP: 3/3
   457 | D:1      | Reached skill level 2 in Unarmed Combat
   956 | D:1      | Found a faded altar of an unknown god.
  1216 | D:1      | 1216 ||| UPGRADING to +0 ring mail.
  1226 | D:1      | 1226 ||| DROPPING +0 robe.
  1227 | D:1      | 1227 ||| UPGRADING to +0 pair of gloves.
  1232 | D:1      | 1232 ||| UPGRADING to +4 ring of evasion.
  1233 | D:1      | 1233 ||| READING scroll labelled ENACWOC DIK.
  1234 | D:1      | 1234 ||| READING 2 scrolls labelled QAFFIO FUAFA.
  1235 | D:1      | 1235 ||| READING scroll labelled ROEPLI DEUWNE.
  1236 | D:1      | 1236 ||| READING 2 scrolls labelled CUFASH PESK.
  1237 | D:1      | 1237 ||| DROPPING potion of magic.
  1238 | D:1      | 1238 ||| DROPPING scroll of poison.
  1340 | D:2      | Reached XP level 3. HP: 22/28 MP: 4/4
  1395 | D:2      | 1395 ||| Stepping ~*~*~tactically~*~*~ (stealth).
  1396 | D:2      | 1396 ||| Stepping ~*~*~tactically~*~*~ (stealth).
  1397 | D:2      | 1397 ||| Stepping ~*~*~tactically~*~*~ (stealth).
  1516 | D:2      | Reached skill level 3 in Unarmed Combat
  1720 | D:2      | 1720 ||| READING scroll labelled KOOPPU GIAHOOPS.
  1730 | D:2      | Reached XP level 4. HP: 35/35 MP: 5/5
  1743 | D:2      | 1743 ||| READING scroll labelled NEFOOPT LUBU COO.
  1744 | D:2      | 1744 ||| READING 2 scrolls labelled ONIWACWAYDU.
  1745 | D:2      | 1745 ||| READING scroll labelled RODGHIGGOFIO.
  1746 | D:2      | 1746 ||| DROPPING scroll of noise.
  1747 | D:2      | 1747 ||| Stepping randomly (stuck).
  1748 | D:2      | 1748 ||| Stepping randomly (stuck).
  1941 | D:2      | Reached skill level 4 in Unarmed Combat
  2454 | D:3      | 2454 ||| Stepping ~*~*~tactically~*~*~ (outnumbered).
  2455 | D:3      | 2455 ||| Stepping ~*~*~tactically~*~*~ (outnumbered).
  2456 | D:3      | 2456 ||| Stepping ~*~*~tactically~*~*~ (outnumbered).
  2457 | D:3      | 2457 ||| Stepping ~*~*~tactically~*~*~ (outnumbered).
  2459 | D:3      | HP: 6/36 [gnoll/+0 flail (4)]
  2463 | D:3      | Mangled by a gnoll

Levels and vault maps discovered:
D:1:      doesnt_arrival_eight_statues, layout_loops_ring,
          dreamdust_ecumenical_altar_hidden_monk_grotto
D:2:      minmay_inner_zag, layout_basic
D:3:      layout_basic, mainiacjoe_overflow_alcove_1

Skill      XL: |  1  2  3  4 |
---------------+-------------+-----
Unarmed Combat | 1 2 3 4 |  4.0
Fighting       | 1 2 |  2.1
Dodging        | |  1.7
Stealth        | |  2.1
Spellcasting   | |  1.7
Conjurations   | |  0.7
Fire Magic     | |  2.4

Action                   |  1- 3 |  4- 6 || total
-------------------------+-------+-------++-------
Melee: Unarmed           |   127 |    53 ||   180
       Punch             |       |     1 ||     1
Throw: Boomerang         |    29 |    14 ||    43
  Use: Scroll            |     5 |     3 ||     8
 Stab: Sleeping          |     1 |       ||     1
Armor: Robe              |    13 |       ||    13
       Ring mail         |    24 |    14 ||    38
Dodge: Dodged            |    86 |    44 ||   130

Table legend:
 A = Non-vault XP
 B = Vault XP
 C = Vault XP percentage of total XP
 D = Non-vault monster count
 E = Vault monster count
 F = Vault count percentage of total count
                 A         B        C        D         E       F
            +---------+---------+-------+---------+---------+-------
      Total |     120 |      27 |  18.4 |      41 |       5 |  10.9
            +---------+---------+-------+---------+---------+-------
        D:1 |      29 |       0 |   0.0 |      16 |       0 |   0.0
        D:2 |      73 |      27 |  27.0 |      22 |       5 |  18.5
        D:3 |      18 |       0 |   0.0 |       3 |       0 |   0.0
            +---------+---------+-------+---------+---------+-------
